Map: Catalyst LE

Players

Ragnarok (SHIN) - Winner!

  • Race: Zerg Zerg
  • League: Grandmaster
  • Spawn Location: 11:00

SortOf

  • Race: Zerg Zerg
  • League: Diamond
  • Spawn Location: 5:00

Event: Memes & Dreams Invitational

VOD

Have the link to the VOD?

Description

Time

  • Played on: April 13, 2018, 4:14 a.m.
  • Length: 4:07

All games in this series

Show
View Real Time Build Order
Export as new Build Order

Ragnarok Zerg - Winner!

Build Orders: Pool First 

Get SALT Encoding   

  12  0:17  Spawning Pool  
  11  0:22  Drone  
  11  0:26  Drone  
  13  0:30  Drone  
  14  0:40  Overlord  
  14  1:03  Zergling x2  
  14  1:04  Zergling x2  
  16  1:05  Zergling x2  
  17  1:16  Zergling x2  
  18  1:19  Hatchery  
  17  1:26  Zergling x2  
  18  1:35  Queen  
  18  1:39  Zergling x2  
  21  1:48  Overlord  
  21  2:05  Drone  
  22  2:10  Drone  
  22  2:11  Queen  
  25  2:22  Overlord  
  25  2:31  Drone  
  25  2:32  Queen  
  25  2:35  Drone  
  28  2:45  Drone x3  
  31  2:54  Spine Crawler  
  31  2:55  Drone  
  31  2:58  Drone  
  32  3:01  Drone  
  33  3:11  Queen  
  35  3:17  Spine Crawler  
  34  3:22  Spine Crawler  
  33  3:30  Zergling x6  
  36  3:34  Zergling x2  
  36  3:38  Zergling x2  
  36  3:39  Zergling x2  
  37  3:43  Zergling x2  
Show
View Real Time Build Order
Export as new Build Order

SortOf Zerg 

Build Orders: Pool First 

Get SALT Encoding   

  12  0:00  Drone  
  13  0:12  Overlord  
  13  0:17  Drone  
  14  0:31  Drone x2  
  16  0:41  Spawning Pool  
  15  0:45  Drone  
  15  0:47  Extractor  
  15  0:50  Drone  
  15  0:56  Drone  
  17  1:17  Hatchery  
  16  1:28  Zergling x6  
  19  1:39  Zergling x2  
  20  1:44  Queen  
  22  1:51  Metabolic Boost  
  22  2:01  Overlord  
  22  2:19  Drone x2, Queen  
  26  2:29  Zergling x2  
  28  2:30  Zergling x2  
  28  2:37  Zergling x2, Baneling Nest  
  28  2:45  Zergling x4  
  30  2:52  Zergling x4  
  32  3:00  Zergling x4  
  32  3:02  Zergling x2  
  35  3:06  Zergling x2  
  36  3:16  Overlord  
  36  3:21  Baneling x4  
  36  3:25  Zergling x2  
  35  3:29  Zergling x2  
  35  3:33  Zergling x2  
  36  3:38  Zergling x2  
  36  3:40  Zergling x2  
Tags
 
Add a new tag
Caveats
  • Supply blocks, unpowered buildings, or Contaminate may cause inaccurate times.
  • Supply counts are checked every 10 seconds.